 Dungeon Crawl Stone Soup version 0.31-a0-180-g519b7de00c (webtiles) character file.

Game seed: 17797725148793844928

292 qw the Chopper (level 6, -2/38 HPs)
             Began as a Gargoyle Fighter on June 19, 2023.
             Slain by Duvessa
             ... wielding a +5 rapier
              (5 damage)
             ... on level 3 of the Dungeon.
             The game lasted 00:01:04 (2465 turns).

qw the Chopper (Gargoyle Fighter)                   Turns: 2465, Time: 00:01:04

Health: -2/38      AC: 22    Str: 21    XL:     6   Next: 33%
Magic:  6/6        EV: 13    Int:  9    God:
Gold:   177        SH:  9    Dex:  9    Spells: 5/5 levels left

rFire   . . .        Y - +0 war axe
rCold   . . .        c - +0 buckler
rNeg    + . .        g - +0 chain mail
rPois   inf          n - +0 helmet
rElec   +            i - +1 cloak
rCorr   .            a - +0 pair of gloves
SInv    .            (no boots)
Will    .....        h - amulet of reflection Stlth
                     e - +4 ring of protection
HPRegen 0.26/turn    o - +5 ring of evasion
MPRegen 0.10/turn

%: reflection
@: no status effects
A: sickness immunity, AC +4, negative energy resistance 1, electricity
resistance, torment resistance 1, petrification resistance
a: no special abilities


You were on level 3 of the Dungeon.
You visited 1 branch of the dungeon, and saw 4 of its levels.

You collected 177 gold pieces.


Innate Abilities, Weirdness & Mutations

You are immune to sickness and miasma.
Your stone body is resilient. (AC +4)
You are immune to poison.
You resist negative energy. (rN+)
You are resistant to electric shocks. (rElec)
You are resistant to unholy torment.
You are immune to petrification.


   Skills:
 - Level 4.0 Fighting
 + Level 5.4 Axes
 - Level 3.2 Armour
 - Level 1.0 Dodging
 - Level 3.2 Shields


You had 5 spell levels left.
You didn't know any spells.
Your spell library was empty.

Inventory:

Hand Weapons
 f - a +0 mace
 Y - a +0 war axe (weapon)
Armour
 a - a +0 pair of gloves (worn)
 c - a +0 buckler (worn)
 g - a +0 chain mail (worn)
 i - a +1 cloak (worn)
 n - a +0 helmet (worn)
Jewellery
 e - a +4 ring of protection (left hand)
 h - an amulet of reflection (around neck)
 o - a +5 ring of evasion (right hand)
Potions
 d - 2 potions of might
 j - a potion of magic {unknown}
 k - a potion of invisibility {unknown}
 l - a potion of curing {unknown}

Dungeon Overview and Level Annotations

Branches:
Dungeon (4/15)
 Temple: D:4-7

Altars:

Annotations:
D:3 Dowan, Duvessa


Message History

Dowan hits you but does no damage.
Duvessa drinks a potion.
Duvessa seems to grow stronger.
You closely miss Duvessa.
Duvessa is moderately wounded.
You hit Dowan but do no damage. Dowan barely misses you.
You block Duvessa's attack. Dowan closely misses you.
Duvessa hits you with a +5 rapier!
2458 ||| STAIRDANCE Dowan points at Duvessa and mumbles some strange words.
Duvessa seems to speed up.
You block Duvessa's attack.
You climb upwards.
There is a stone staircase leading down here.
You barely miss Duvessa.
Duvessa is moderately wounded.
You closely miss Dowan. You block Duvessa's attack. Dowan closely misses you.
You block Duvessa's attack.
You hit Duvessa but do no damage.
Duvessa is moderately wounded.
You closely miss Dowan. Duvessa hits you but does no damage.
Dowan smirks and points a slender finger.
Dowan casts a spell.
Dowan blinks!
You closely miss Duvessa.
Duvessa is moderately wounded.
You block Duvessa's attack. Dowan gestures at you while chanting.
You resist with some effort. Duvessa hits you with a +5 rapier!
You hit Duvessa.
Duvessa is moderately wounded.
Duvessa hits you with a +5 rapier. x2
You hit Duvessa.
Duvessa is moderately wounded.
Duvessa hits you but does no damage. You block Duvessa's attack.
You barely miss Duvessa.
Duvessa is moderately wounded.
You closely miss Dowan. Duvessa hits you with a +5 rapier.
You die...

##### ##...## ##8.>.8##
#.......# #.@.8.<.#
#.ee....# ######8...8##
#....##(..#############
#.....##'##............
#......................
#........##############
######.###........#
###............#


You could see Duvessa (fast, strong) and Dowan.

Vanquished Creatures
  Sigmund (D:2)
  An iguana (D:3)
  Robin (D:2)
  An adder (D:2)
  4 gnolls (D:3)
  2 worms
  A dart slug (D:2)
  5 ball pythons
  An endoplasm (D:1)
  4 giant cockroaches
  10 hobgoblins
  3 quokkas
  7 bats
  A frilled lizard (D:2)
  8 goblins
  6 kobolds
  4 rats
60 creatures vanquished.

Notes
Turn   | Place    | Note
-------+----------+-------------------------------------------
     0 | D:1      | qw the Gargoyle Fighter began the quest for the Orb.
     0 | D:1      | Reached XP level 1. HP: 14/14 MP: 1/1
     0 | D:1      | 0 ||| qw: Version: 0.3-a-7-ge0c9b40
     0 | D:1      | 0 ||| qw: Game counter: 1099
     0 | D:1      | 0 ||| qw: Always use a shield: true
     0 | D:1      | 0 ||| qw: God list: Okawaru
     0 | D:1      | 0 ||| qw: Allow faded altars: false
     0 | D:1      | 0 ||| qw: Do Orc after D:15 true
     0 | D:1      | 0 ||| qw: Do second Lair branch before Depths: true
     0 | D:1      | 0 ||| qw: Lair rune preference: random
     0 | D:1      | 0 ||| qw: Plans: Normal, Zot:1-4, Slime:5, God:TSO, Crypt,
                  | Tomb, Abyss, Pan, Hells, Win
     0 | D:1      | 0 ||| PLANNING D:1-11
   152 | D:1      | Reached skill level 2 in Axes
   329 | D:1      | Reached XP level 2. HP: 19/19 MP: 2/2
   406 | D:1      | You fall into a shaft and drop 1 floor!
   414 | D:2      | 414 ||| UPGRADING to +1 cloak.
   419 | D:2      | 419 ||| UPGRADING to amulet of reflection.
   424 | D:2      | 424 ||| UPGRADING to +4 ring of protection.
   425 | D:2      | 425 ||| DRINKING 3 white potions.
   426 | D:2      | 426 ||| DROPPING 2 potions of degeneration.
   428 | D:2      | 428 ||| FLEEEEING.
   429 | D:2      | 429 ||| FLEEEEING.
   430 | D:2      | 430 ||| FLEEEEING.
   431 | D:2      | 431 ||| FLEEEEING.
   768 | D:2      | Reached skill level 3 in Axes
   781 | D:2      | Noticed Sigmund
   782 | D:2      | 782 ||| Stepping ~*~*~tactically~*~*~ (hiding).
   794 | D:2      | Killed Sigmund
   795 | D:2      | Reached skill level 5 in Axes
   795 | D:2      | Reached XP level 3. HP: 20/23 MP: 3/3
   795 | D:2      | Reached XP level 4. HP: 25/28 MP: 4/4
   795 | D:2      | Reached XP level 5. HP: 28/32 MP: 5/5
   861 | D:2      | 861 ||| Stepping ~*~*~tactically~*~*~ (hiding).
  1018 | D:2      | 1018 ||| Stepping ~*~*~tactically~*~*~ (stealth).
  1023 | D:2      | 1023 ||| Stepping ~*~*~tactically~*~*~ (stealth).
  1122 | D:2      | 1122 ||| Stepping ~*~*~tactically~*~*~ (stealth).
  1127 | D:2      | 1127 ||| Stepping ~*~*~tactically~*~*~ (stealth).
  1128 | D:2      | Noticed Robin
  1137 | D:2      | Killed Robin
  1342 | D:2      | Reached XP level 6. HP: 33/38 MP: 6/6
  1488 | D:2      | 1488 ||| UPGRADING to +0 helmet.
  1493 | D:2      | 1493 ||| UPGRADING to +5 ring of evasion.
  1494 | D:2      | 1494 ||| READING 3 scrolls labelled IRPHOA ANGA.
  1495 | D:2      | 1495 ||| READING scroll labelled DOASYT JURUN.
  1499 | D:2      | 1499 ||| READING scroll labelled NURISU CAQUDD.
  1500 | D:2      | 1500 ||| DROPPING 2 scrolls of fog.
  1751 | D:3      | 1751 ||| Stepping ~*~*~tactically~*~*~ (stealth).
  1757 | D:3      | Reached skill level 1 in Dodging
  1905 | D:3      | 1905 ||| Stepping ~*~*~tactically~*~*~ (hiding).
  1906 | D:3      | 1906 ||| Stepping ~*~*~tactically~*~*~ (hiding).
  2324 | D:3      | 2324 ||| UPGRADING to +0 pair of gloves.
  2329 | D:3      | 2329 ||| UPGRADING to +0 chain mail.
  2339 | D:3      | 2339 ||| DROPPING +0 scale mail.
  2340 | D:3      | 2340 ||| READING scroll labelled XUHAMI CAUFY.
  2393 | D:4      | Noticed Duvessa
  2393 | D:4      | Noticed Dowan
  2397 | D:4      | 2397 ||| STAIRDANCE
  2458 | D:4      | 2458 ||| STAIRDANCE
  2462 | D:3      | HP: 9/38 [Duvessa/+5 rapier (16)]
  2463 | D:3      | HP: 4/38 [Duvessa/+5 rapier (5)]
  2465 | D:3      | Slain by Duvessa

Levels and vault maps discovered:
D:1:      ldierk_walled_garden, layout_basic
D:2:      layout_basic, minmay_misc_feat_square, uniq_sigmund, uniq_robin
D:3:      layout_basic, minmay_misc_feat_rugged, grunt_ministairs_7,
          lemuel_flame_loot_1
D:4:      layout_loops_cross, mainiacjoe_overflow_alcove_1,
          minmay_gold_behind_fungi, grunt_ministairs_1, grunt_decor_one_mirror,
          st_stairs_10, chequers_jeans, chequers_serial_rivers_small_b,
          minmay_goblin_kobold_house, uniq_ijyb, uniq_duvessa

Skill      XL: |  1  2  3  4  5  6 |
---------------+-------------------+-----
Axes           | 2 5 |  5.4
Fighting       | 4 |  4.0
Dodging        | 1 |  1.0
Armour         | |  3.2
Shields        | |  3.2

Action                     |  1- 3 |  4- 6 || total
---------------------------+-------+-------++-------
  Melee: War axe           |    58 |    99 ||   157
    Use: Potion            |     1 |       ||     1
         Scroll            |       |     4 ||     4
 Armour: Scale mail        |    31 |    33 ||    64
         Chain mail        |       |     6 ||     6
  Dodge: Dodged            |    17 |    44 ||    61
  Block: Buckler           |    16 |    44 ||    60
         Reflection        |       |     3 ||     3

Table legend:
 A = Non-vault XP
 B = Vault XP
 C = Vault XP percentage of total XP
 D = Non-vault monster count
 E = Vault monster count
 F = Vault count percentage of total count
                 A         B        C        D         E       F
            +---------+---------+-------+---------+---------+-------
      Total |     130 |     288 |  68.9 |      43 |      17 |  28.3
            +---------+---------+-------+---------+---------+-------
        D:1 |      17 |       0 |   0.0 |      11 |       0 |   0.0
        D:2 |      53 |     249 |  82.5 |      22 |      13 |  37.1
        D:3 |      60 |      38 |  38.8 |      10 |       3 |  23.1
        D:4 |       0 |       1 | 100.0 |       0 |       1 | 100.0
            +---------+---------+-------+---------+---------+-------
